 Dungeon Crawl Stone Soup version 0.19.4-8-ga85b6b9 (webtiles) character file.

97 Delusionist the Insei (level 4, -1/35 HPs)
             Began as a Demonspawn Chaos Knight on Feb 9, 2017.
             Slain by an orc wizard
             ... wielding a +0 dagger
              (2 damage)
             ... on level 3 of the Dungeon.
             The game lasted 00:08:22 (2176 turns).

Delusionist the Insei (Demonspawn Chaos Knight)     Turns: 2176, Time: 00:08:22

Health: -1/35      AC: 13    Str: 11 (13) XL:     4   Next: 42%
Magic:  0/4        EV:  7    Int: 11 (13) God:    Xom [..*...]
Gold:   72         SH:  0    Dex: 17 (18) Spells: 0 memorised, 3 levels left

rFire  x . .     SeeInvis .       - Unarmed
rCold  + . .     Gourm    .     e - +0 plate armour
rNeg   . . .     Faith    .     (no shield)
rPois  .         Spirit   +     (no helmet)
rElec  .         Reflect  .     (no cloak)
rCorr  .         Harm     .     o - +1 pair of gloves
MR     .....                    (no boots)
Stlth  ..........               (no amulet)
                                (no ring)
                                d - ring of ice

@: agile
A: magic shield, rot immunity
a: Renounce Religion


You were on level 3 of the Dungeon.
You worshipped Xom.
You were a toy of Xom.
You were hungry.

You visited 1 branch of the dungeon, and saw 3 of its levels.

You collected 72 gold pieces.

Inventory:

Hand Weapons
 r - a +0 blowgun
Missiles
 m - 7 tomahawks (quivered)
 s - 5 poisoned needles
Armour
 a - a +2 leather armour
 c - a +0 pair of gloves
 e - a +0 plate armour (worn)
 o - a +1 pair of gloves (worn)
Jewellery
 d - a ring of ice (left hand)
Scrolls
 h - a scroll of immolation
 k - 2 scrolls of fear {unknown}
 l - 2 scrolls of identify
 n - a scroll of recharging {unknown}
Potions
 f - a potion of degeneration
 q - a potion of flight
 t - a potion of magic
Comestibles
 b - 3 bread rations
 g - 3 meat rations
 j - a beef jerky
 p - 6 chunks of flesh


   Skills:
 + Level 3.4 Fighting
 + Level 2.9 Armour
 - Level 0.8 Dodging
 + Level 3.9 Unarmed Combat


You had 3 spell levels left.
You didn't know any spells.

Dungeon Overview and Level Annotations

Branches:
Dungeon (3/15)

Altars:


Innate Abilities, Weirdness & Mutations

When hurt, damage is shared between your health and your magic reserves.
You are immune to rotting.


Message History

It is a scroll of identify.
h - 2 scrolls of immolation Something hits you but does no damage.
The orc priest barely misses you. Something hits you but does no damage.
Your plate armour prevents you from hitting the orc priest.
The orc priest is moderately wounded.
An orc wizard appears from thin air!
Reactivating autopickup.
The orc wizard hits you but does no damage.
The orc priest invokes the aid of Beogh against you.
Beogh smites you!
* * * LOW HITPOINT WARNING * * *
As you read the scroll of immolation, it crumbles to dust.
The creatures around you are filled with an inner flame!
The orc wizard completely misses you. The orc priest closely misses you.
You closely miss the orc priest.
The orc priest is moderately wounded.
The orc wizard barely misses you. The orc wizard hits you with a dagger.
You die...
Xom snickers!

+#(#.#
#..#
.#..%#
#..#
.#...#
#..#
.'...#
#..#
.#...#
#..#
.###.#
..# .#
#.# ###
#o#
+###.#
#.#####o#
...#.#
#.....o@#
...#.#
#.#######
...#.#
#.#
.....#
#.#
#########
.....#
#.#.#
#.......#
.....#
#.#.#
#.#####.#
.....#
#.#.# #.#
#.#
.###.#
#.#.# #.#
#.#
####.#
#.#.# #.#
#.#


You could see an orc priest (inner flame), an orc wizard (inner flame) and an
orc (inner flame).

Vanquished Creatures
  3 adders (D:3)
  3 worms (D:2)
  3 dart slugs
  2 leopard geckos
  2 orcs (D:3)
  2 giant cockroaches
  A goblin (D:1)
  5 hobgoblins
  6 jackals
  6 kobolds
  3 ball pythons
  5 bats
  4 frilled lizards
  8 rats
53 creatures vanquished.

Notes
Turn   | Place    | Note
-------+----------+-------------------------------------------
     0 | D:1      | Delusionist the Demonspawn Chaos Knight began the quest for the Orb.
     0 | D:1      | Reached XP level 1. HP: 18/18 MP: 1/1
     2 | D:1      | XOM: harmless Fire miscast
   153 | D:1      | XOM: medium Erth miscast
   226 | D:1      | Gained mutation: When hurt, damage is shared between your health and your magic reserves. [demonic ancestry]
   226 | D:1      | Reached XP level 2. HP: 19/24 MP: 2/2
   300 | D:1      | XOM: 3-stop teleportation journey
   694 | D:1      | XOM: divination: detect creatures
   811 | D:2      | XOM: summons 1 hostile demon
   994 | D:2      | XOM: fog
  1049 | D:2      | Reached XP level 3. HP: 22/29 MP: 3/3
  1869 | D:2      | XOM is BORED!
  1895 | D:2      | XOM: god gift: 2 fuming purple potions {god gift}
  1953 | D:3      | Gained mutation: You are immune to rotting. [demonic ancestry]
  1953 | D:3      | Reached XP level 4. HP: 35/35 MP: 4/4
  1956 | D:3      | XOM: 3-stop teleportation journey
  2053 | D:3      | XOM: medium Ice miscast
  2079 | D:3      | XOM: mild Hex miscast
  2174 | D:3      | HP: 1/35 [orc priest/divine providence (6)]
  2176 | D:3      | Slain by an orc wizard

Skill      XL: |  1  2 |
---------------+-------+-----
Armour         | 2 |  2.9
Unarmed Combat | 3 |  3.9
Fighting       | |  3.4
Dodging        | |  0.8

Action                   |  1- 3 |  4- 6 || total
-------------------------+-------+-------++-------
Melee: Unarmed           |   267 |    60 ||   327
       Punch             |     1 |     1 ||     2
  Use: Potion            |     3 |     3 ||     6
       Scroll            |       |     2 ||     2
  Eat: Chunk             |     4 |       ||     4
Armor: Leather armour    |    23 |       ||    23
       Plate armour      |   183 |    59 ||   242
Dodge: Dodged            |    78 |     9 ||    87
